 Dungeon Crawl Stone Soup version 0.30-a0-652-gcc886f7154 (webtiles) character file.

Game seed: 3312502508411788014

298 ragingrage the Ruffian (level 6, -6/55 HPs)
             Began as a Troll Hunter on Jan 17, 2023.
             Killed from afar by a steam dragon (13 damage)
             ... with a ball of steam
             ... on level 5 of the Dungeon.
             The game lasted 00:03:41 (2666 turns).

ragingrage the Ruffian (Troll Hunter)               Turns: 2666, Time: 00:03:42

Health: -6/55      AC:  4    Str: 20    XL:     6   Next: 13%
Magic:  4/5        EV: 15    Int: 13    God:
Gold:   279        SH:  0    Dex: 13    Spells: 2/5 levels left

rFire   . . .      SeeInvis .      - Unarmed
rCold   . . .      Faith    .    (no shield)
rNeg    . . .      Spirit   .    c - +0 robe
rPois   .          Reflect  .    (helmet restricted)
rElec   .          Harm     .    (no cloak)
rCorr   .          Rampage  .    (gloves unavailable)
Will    .....                    (boots unavailable)
Stlth   +                        (no amulet)
HPRegen 1.09/turn                g - +5 ring of evasion
MPRegen 0.09/turn                h - +6 ring of intelligence

@: very slightly contaminated
A: large, unfitting armour, claws 3, regeneration 1, shaggy fur 1, tough skin 1
a: no special abilities


You were on level 5 of the Dungeon.
You visited 1 branch of the dungeon, and saw 5 of its levels.

You collected 279 gold pieces.

Inventory:

Hand Weapons
 a - a +0 shortbow
Missiles
 o - 6 poisoned darts
Armour
 c - a +0 robe (worn)
Jewellery
 g - a +5 ring of evasion (left claw)
 h - a +6 ring of intelligence (right claw)
 k - a +6 ring of intelligence
 p - an amulet of faith
Scrolls
 b - 5 scrolls of immolation
 d - a scroll of vulnerability
 f - 3 scrolls of identify
 i - a scroll of fog {unknown}
 m - a scroll of brand weapon {unknown}
Potions
 e - a potion of curing {unknown}
 j - a potion of haste {unknown}
 l - a potion of lignification {unknown}
 n - a potion of degeneration {unknown}


   Skills:
 - Level 1.5 Fighting
 - Level 2.6 Ranged Weapons
 - Level 1.5 Dodging
 - Level 0.3 Stealth
 + Level 5.0 Unarmed Combat
 + Level 2.3 Transmutations


You had 2 spell levels left.
You knew the following spells:

 Your Spells              Type           Power      Damage    Failure   Level
a - Beastly Appendage     Tmut           10%        N/A       12%         1
b - Wereblood             Tmut           5%         N/A       19%         2

Your spell library contained the following spells:

 Spells                   Type           Power      Damage    Failure   Level
 Foxfire                  Conj/Fire      0%         2x1d4     30%         1
 Spider Form              Tmut/Pois      2%         N/A       52%         3
 Dazzling Flash           Conj/Hex       0%         N/A       67%         3
 Iskenderun's Mystic Bla  Conj/Tloc      0%         2d3       97%         4
 Summon Lightning Spire   Summ/Air       0%         N/A       97%         4
 Fireball                 Conj/Fire      0%         3d3       100%        5
 Starburst                Conj/Fire      0%         6d3       100%        6
 Storm Form               Tmut/Air       1%         N/A       100%        7
 Maxwell's Capacitive Co  Air            0%         ∞         100%        8


Dungeon Overview and Level Annotations

Branches:
Dungeon (5/15)
 Temple: D:4-7

Altars:
Kikubaaqudgha


Innate Abilities, Weirdness & Mutations

You are too large for most types of armour.
You have claws for hands.
Your natural rate of healing is unusually fast.
You are covered in fur. (AC +1)
You have tough skin. (AC +1)


Message History

You start resting.
HP restored.
You start waiting.
p - an amulet of faith A steam dragon comes into view.
The steam dragon hisses angrily.
The steam dragon breathes steam at you. The ball of steam misses you.
The steam dragon moves out of view.
You're standing in a cloud of steam!
Casting: Beastly Appendage (safe; 12% risk of failure)
Confirm with . or Enter, or press ? or * to list all spells.
You miscast Beastly Appendage.
You are very lightly contaminated with residual magic.
Nothing appears to happen.
You are engulfed in a cloud of scalding steam.
No reachable target in view!
Found 11 gold pieces.
You are engulfed in a cloud of scalding steam.
The steam dragon barely misses you. The steam dragon closely misses you.
You barely miss the steam dragon.
You are engulfed in a cloud of scalding steam.
The steam dragon bites you. The steam dragon barely misses you.
You claw the steam dragon!
The steam dragon is heavily wounded.
The steam dragon breathes steam at you. The ball of steam hits you!
You closely miss the steam dragon.
The steam dragon is heavily wounded.
You are engulfed in a cloud of scalding steam.
The steam dragon bites you.
* * * LOW HITPOINT WARNING * * *
The steam dragon claws you.
* * * LOW HITPOINT WARNING * * *
You closely miss the steam dragon.
The steam dragon is heavily wounded.
You are engulfed in a cloud of scalding steam.
* * * LOW HITPOINT WARNING * * *
The steam dragon breathes steam at you. The ball of steam hits you!
You die...

..###(# ..###.###
############ ......<.#
#..........# #.###.#.#
##.#.#.#.##..#
......#.####..######.#
#........)....#.#.#.##
#######.#####.##.#.##
#.# #.#.#### #.#
#.##@# #.#####.#$D#
#....(..##..
#........####
#.#####.## #.# #.#
#.##....<...#
#.##.##........ #.##
#..###.#.


You could see a steam dragon (catching breath).

Vanquished Creatures
  An orc warrior (D:5)
  A hound (D:2)
  2 orc priests (D:3)
  An orc wizard (D:5)
  An adder (D:2)
  3 dart slugs
  2 worms
  7 orcs
  9 ball pythons
  5 endoplasms
  6 giant cockroaches
  4 goblins
  2 hobgoblins
  2 jackals (D:2)
  5 kobolds
  4 quokkas
  7 bats
  4 frilled lizards (D:3)
  6 rats
72 creatures vanquished.

Notes
Turn   | Place    | Note
-------+----------+-------------------------------------------
     0 | D:1      | ragingrage the Troll Hunter began the quest for the Orb.
     0 | D:1      | Reached XP level 1. HP: 19/19 MP: 0/0
    56 | D:1      | Reached skill level 1 in Unarmed Combat
   366 | D:1      | Reached XP level 2. HP: 21/27 MP: 1/1
   625 | D:1      | Reached skill level 2 in Unarmed Combat
   892 | D:1      | Found a faded altar of an unknown god.
  1100 | D:2      | Reached XP level 3. HP: 33/33 MP: 2/2
  1119 | D:2      | Reached skill level 3 in Unarmed Combat
  1499 | D:2      | Learned a level 1 spell: Beastly Appendage
  1523 | D:2      | Reached XP level 4. HP: 41/41 MP: 3/3
  1526 | D:2      | Learned a level 2 spell: Wereblood
  1966 | D:3      | Reached skill level 4 in Unarmed Combat
  1966 | D:3      | Reached skill level 1 in Transmutations
  1968 | D:3      | Reached XP level 5. HP: 44/48 MP: 2/4
  2181 | D:3      | Found an ancient bone altar of Kikubaaqudgha.
  2429 | D:5      | Entered Level 5 of the Dungeon
  2499 | D:5      | Noticed an orc warrior
  2515 | D:5      | Killed an orc warrior
  2516 | D:5      | Reached XP level 6. HP: 12/55 MP: 5/5
  2519 | D:5      | Reached skill level 5 in Unarmed Combat
  2660 | D:5      | Noticed a steam dragon
  2666 | D:5      | Killed from afar by a steam dragon

Illustrated notes

Levels and vault maps discovered:
D:1:      eino_arrival_water_star, layout_basic,
          shapermc_ecumenical_altar_notcrosses
D:2:      layout_basic
D:3:      layout_basic, amcnicky_altar_gilded, hangedman_abyss_or_decor_stabs
D:4:      layout_basic, serial_shops, nicolae_shop_trees
D:5:      layout_loops_ring, nemelex_spade_bored_becter, minmay_small_thing

Skill      XL: |  1  2  3  4  5  6 |
---------------+-------------------+-----
Unarmed Combat | 1 2 3 4 5 |  5.0
Transmutations | 1 2 |  2.3
Fighting       | |  1.5
Ranged Weapons | |  2.6
Dodging        | |  1.5
Stealth        | |  0.3

Action                   |  1- 3 |  4- 6 || total
-------------------------+-------+-------++-------
Melee: Unarmed           |    64 |    98 ||   162
       Punch             |     1 |     2 ||     3
       Headbutt          |       |     5 ||     5
       Kick              |       |     3 ||     3
 Fire: Shortbow          |    27 |     2 ||    29
 Cast: Beastly Appendage |       |     8 ||     8
  Use: Scroll            |       |     1 ||     1
 Stab: Sleeping          |     1 |     1 ||     2
Armor: Robe              |    23 |    21 ||    44
Dodge: Dodged            |    36 |    71 ||   107

Table legend: (Time is in decaauts)
 A = Elapsed time spent in this place.
 B = Non-inter-level travel time spent in this place.
 C = Inter-level travel time spent in this place.
 D = Time resting spent in this place.
 E = Time spent auto-exploring this place.
 F = Levels seen in this place.
 G = Mean time per level.
                   A        B        C        D        E       F      G
               +--------+--------+--------+--------+--------+-----+--------+
         Total |   2648 |   2547 |    101 |    244 |   1820 |   5 |  529.6 |
       Dungeon |   2648 |   2547 |    101 |    244 |   1820 |   5 |  529.6 |
               +--------+--------+--------+--------+--------+-----+--------+

Top non-repeatable levels by time:
     D:1: 1048 daAuts
     D:3: 668 daAuts
     D:2: 661 daAuts
     D:5: 234 daAuts
     D:4: 36 daAuts
